 Dungeon Crawl Stone Soup version 0.26.1-11-gd32895ea62 (webtiles) character file.

Game seed: 13492652925580978758

113 buriedalive the Chiller (level 4, -1/24 HPs)
             Began as a Deep Elf Ice Elementalist on July 12, 2021.
             Slain by a kobold (3 damage)
             ... on level 2 of the Dungeon.
             The game lasted 00:02:47 (2386 turns).

buriedalive the Chiller (Deep Elf Ice Elementalist) Turns: 2386, Time: 00:02:48

Health: -1/24      AC:  3    Str:  5    XL:     4   Next: 65%
Magic:  2/10       EV: 14    Int: 27    God:
Gold:   94         SH:  0    Dex: 15    Spells: 8/9 levels left

rFire    . . .     SeeInvis .   f - +0 dagger
rCold    . . .     Faith    .   (no shield)
rNeg     . . .     Spirit   .   a - +0 robe
rPois    .         Reflect  .   c - +0 helmet
rElec    .         Harm     .   (no cloak)
rCorr    .         Rampage  .   (no gloves)
Will     .....                  (no boots)
Stlth    ++........             (no amulet)
HPRegen  0.08/turn              j - +6 ring of intelligence
MPRegen  0.12/turn              (no ring)

@: lethally poisoned (-1 -> -8)
A: no striking features
a: no special abilities


You were on level 2 of the Dungeon.
You visited 1 branch of the dungeon, and saw 2 of its levels.

You collected 94 gold pieces.

Inventory:

Hand Weapons
 f - a +0 dagger (weapon)
Missiles
 b - 116 stones
Armour
 a - a +0 robe (worn)
 c - a +0 helmet (worn)
Jewellery
 j - a +6 ring of intelligence (left hand)
Scrolls
 g - 2 scrolls of identify {unknown}
 h - a scroll of noise {unknown}
 i - 2 scrolls of teleportation {unknown}
 l - a scroll of immolation {unknown}
 n - a scroll of fear {unknown}
 o - a scroll of magic mapping {unknown}
Potions
 d - 2 potions of mutation {unknown}
 e - a potion of curing {unknown}
 k - a potion of heal wounds {unknown}
 m - a potion of lignification {unknown}
 p - 2 potions of ambrosia {unknown}


   Skills:
 + Level 4.5 Dodging
 - Level 2.4 Stealth
 - Level 3.0 Spellcasting
 + Level 5.6 Ice Magic


You had 8 spell levels left.
You knew the following spells:

 Your Spells              Type           Power        Failure   Level
a - Freeze                Ice            100%         1%          1

Your spell library contained the following spells:

 Spells                   Type           Power        Failure   Level
 Frozen Ramparts          Ice            68%          2%          3
 Ozocubu's Armour         Ice            34%          2%          3
 Hailstorm                Conj/Ice       19%          26%         4
 Summon Ice Beast         Ice/Summ       19%          26%         4


Dungeon Overview and Level Annotations

Branches:
Dungeon (2/15)

Altars:


Message History

The jackal is severely wounded.
* * * LOW HITPOINT WARNING * * *
You feel sick. The jackal closely misses you.
The jackal bites you but does no damage.
Casting: Freeze (safe; 1% risk of failure)
Confirm with . or Enter, or press ? or * to list all spells.
Aiming: Freeze (safe; 1% risk of failure)
Press: ? - help, Shift-Dir - straight line, f - jackal
Aim: a jackal (severely wounded)
You freeze the jackal.
The jackal is almost dead.
* * * LOW HITPOINT WARNING * * *
You feel sick. The jackal barely misses you.
You hit the jackal.
You kill the jackal!
The kobold closely misses you.
You miss the kobold.
* * * LOW HITPOINT WARNING * * *
You feel sick. The kobold hits you.
You die...

##################
#@#.h!....#.#.....
#†#K#.....#.#.#...#
#..#..#h..#..#..#...
#..[#...#h#...#...#.#
#.....................
#..#..#...#...#.#...#.
##.#...#..#..#...#..#.
#.##...#.#.#.....#.#.
......#.#.......#.#


You could see a kobold.

Vanquished Creatures
  A scorpion (D:2)
  An adder (D:2)
  An ooze (D:1)
  A dart slug (D:1)
  A leopard gecko (D:2)
  3 giant cockroaches
  9 goblins
  5 hobgoblins
  6 jackals
  5 bats (D:1)
  6 frilled lizards (D:1)
  2 kobolds (D:1)
  4 rats (D:1)
45 creatures vanquished.

Notes
Turn   | Place    | Note
-------+----------+-------------------------------------------
     0 | D:1      | buriedalive the Deep Elf Ice Elementalist began the quest
                  | for the Orb.
     0 | D:1      | Reached XP level 1. HP: 10/10 MP: 6/6
   220 | D:1      | Reached XP level 2. HP: 12/15 MP: 5/8
   555 | D:1      | Reached skill level 5 in Ice Magic
   555 | D:1      | Reached XP level 3. HP: 13/19 MP: 1/9
  2371 | D:2      | Noticed a scorpion
  2382 | D:2      | Killed a scorpion
  2383 | D:2      | Reached XP level 4. HP: 5/24 MP: 2/10
  2386 | D:2      | Slain by a kobold

Illustrated notes

Levels and vault maps discovered:
D:1:      dpeg_arrival_rooms_b, layout_loops_ring, solitary_fountain,
          palyth_stone_intersect, st_stairs_9
D:2:      layout_basic, hangedman_decor_diamond_cutter

Skill      XL: |  1  2  3 |
---------------+----------+-----
Dodging        | 3 4 |  4.5
Ice Magic      | 5 |  5.6
Stealth        | |  2.4
Spellcasting   | |  3.0

Action                   |  1- 3 |  4- 6 || total
-------------------------+-------+-------++-------
Melee: Unarmed           |     7 |       ||     7
       Dagger            |    50 |     3 ||    53
 Cast: Freeze            |    59 |     1 ||    60
 Stab: Sleeping          |     1 |       ||     1
Armor: Robe              |    29 |     1 ||    30
Dodge: Dodged            |    72 |     3 ||    75
